 Dungeon Crawl Stone Soup version 0.30-a0-777-ga9a30cbeda (webtiles) character file.

Game seed: 606224304810335502

509 arthad the Poker (level 7, -3/90 HPs)
             Began as a Gnoll Wanderer on Feb 15, 2023.
             Slain by a gnoll
             ... wielding a +0 spear
             ... led by a gnoll bouda
              (7 damage)
             ... on level 5 of the Dungeon.
             The game lasted 00:10:57 (3948 turns).

arthad the Poker (Gnoll Wanderer)                   Turns: 3948, Time: 00:10:57

Health: -3/90      AC:  2    Str: 21      XL:     7   Next: 19%
Magic:  10/12      EV: 12    Int: 16      God:
Gold:   175        SH:  0    Dex:  8 (11) Spells: 7/13 levels left

rFire   . . .      SeeInvis .    a - +3 spear
rCold   . . .      Faith    .    (no shield)
rNeg    . . .      Spirit   .    c - +0 robe
rPois   .          Reflect  .    (no helmet)
rElec   .          Harm     .    (no cloak)
rCorr   .          Rampage  .    (no gloves)
Will    .....                    (no boots) Stlth
                                 (no amulet)
HPRegen 0.35/turn                o - +6 ring of strength
MPRegen 0.13/turn                s - +6 ring of strength

@: berserking, very quick
A: fangs 1, strong nose, distributed training
a: no special abilities


You were on level 5 of the Dungeon.
You visited 1 branch of the dungeon, and saw 5 of its levels.

You collected 279 gold pieces.
You spent 104 gold pieces at shops.

Inventory:

Hand Weapons
 a - a +3 spear (weapon)
 q - a +1 dagger of electrocution
 A - a +2 dagger of venom
Armour
 c - a +0 robe (worn)
 B - a +2 robe of cold resistance
Magical Staves
 l - a staff of cold
Jewellery
 h - an amulet of guardian spirit
 o - a +6 ring of strength (left hand)
 s - a +6 ring of strength (right hand)
Scrolls
 f - 2 scrolls of vulnerability {unknown}
 g - a scroll of poison {unknown}
 j - 3 scrolls of teleportation {unknown}
 n - a scroll of noise {unknown}
 t - a scroll of enchant weapon {unknown}
 u - a scroll of identify {unknown}
 x - a scroll of magic mapping {unknown}
 y - a scroll of butterflies {unknown}
Potions
 b - a potion of lignification
 k - 2 potions of attraction
 v - a potion of resistance {unknown}
 w - a potion of degeneration {unknown}
 z - a potion of haste {unknown}


   Skills:
 + Level 7.0 Fighting
 + Level 2.4 Short Blades
 + Level 2.4 Long Blades
 + Level 2.4 Axes
 + Level 2.4 Maces & Flails
 + Level 7.0 Polearms
 + Level 2.4 Staves
 + Level 2.4 Ranged Weapons
 + Level 3.6 Throwing
 + Level 2.4 Armour
 + Level 2.4 Dodging
 + Level 2.4 Stealth
 + Level 2.4 Shields
 + Level 2.4 Unarmed Combat
 + Level 3.7 Spellcasting
 + Level 2.0 Conjurations
 + Level 2.0 Hexes
 + Level 2.0 Summonings
 + Level 2.0 Necromancy
 + Level 2.0 Translocations
 + Level 2.0 Transmutations
 + Level 2.0 Fire Magic
 + Level 4.3 Ice Magic
 + Level 2.0 Air Magic
 + Level 2.0 Earth Magic
 + Level 2.0 Poison Magic
 + Level 2.7 Invocations
 + Level 2.4 Evocations


You had 7 spell levels left.
You knew the following spells:

 Your Spells              Type           Power      Damage    Failure   Level
a - Freeze                Ice            64%        1d7       3%          1
b - Ozocubu's Armour      Ice            16%        N/A       9%          3
c - Blink                 Tloc           18%        N/A       12%         2

Your spell library contained the following spells:

 Spells                   Type           Power      Damage    Failure   Level
 Lesser Beckoning         Tloc           18%        N/A       12%         2
 Momentum Strike          Conj/Tloc      18%        3d8       12%         2


Dungeon Overview and Level Annotations

Branches:
Dungeon (5/15)
 Temple: D:4-7

Altars:
Fedhas
Hepliaklqana
Wu Jian
Xom

Shops:
D:2 !   D:3 (

Annotations:
D:3 1 runed translucent door, Beavis's ghost, amateur GnWn
D:5 Eustachio


Innate Abilities, Weirdness & Mutations

You have very sharp teeth.
Your uncanny sense of smell can sniff out nearby items.
Your experience applies equally to all skills.


Message History

The gnoll attacks as you move away! The gnoll hits you with a +0 club.
* * * LOW HITPOINT WARNING * * *
The quasit attacks as you move away! The quasit bites you.
* * * LOW HITPOINT WARNING * * *
You feel clumsy. The quasit barely misses you. x2
You feel stable enough to blink again. The bat hits you but does no damage.
The kobold is engulfed in blazing flames.
The kobold explodes!
An ufetubus comes into view.
A gnoll comes into view. It is wielding a +0 flail.
The iron imp barely misses you. The bat closely misses you.
You hear a shout!
Eustachio is attracted toward you. The gnoll is attracted toward you.
The ufetubus is attracted toward you.
It was a potion of cancellation.
Your magical effects are unravelling.
You feel magically purged.
You feel a little less mighty now.
The ufetubus is engulfed in blazing flames.
You kill the ufetubus!
The bat closely misses you. The gnoll closely misses you.
Eustachio is engulfed in blazing flames.
Flame seeps out of Eustachio.
Eustachio gestures wildly while chanting.
Eustachio is attracted toward you. The iron imp is attracted toward you.
The quasit is attracted toward you.
The crimson imp is attracted toward you.
You feel less attractive to monsters.
Unknown command.
Unknown command.
It was a potion of berserk rage.
A red film seems to cover your vision as you go berserk!
You feel yourself moving faster!
You feel mighty!
The gnoll shouts!
The iron imp disappears in a puff of smoke!
The quasit disappears in a puff of smoke!
The gnoll hits you from afar with a +0 spear!
You die...

..........##.......#
...........)##...... ..
.........##........# . l.. ...#
###.....##........# . ... ...#
####.######<..### .. #.#
..§.### #..[## #..##
..##.##........ ###....###...#
......#.#...#gg###.#)........##
.......... #lgb@5§..........#
.......# #.§§@5...>........
....<.# #.r§5§§...........
......# ...K##§§☼............
.............# #☼☼§.........
..###.........K.§........... ..
....................... #
...................$..
.....................


You could see Eustachio (inner flame), an iguana, an iron imp (summoned), a
quasit (summoned), 3 gnolls, a crimson imp (summoned), a bat (summoned), a
kobold and a rat (summoned, inner flame).

Vanquished Creatures
  An ogre (D:3)
  A kobold brigand (D:5)
  2 iguanas (D:4)
  An orc wizard (D:4)
  Natasha (D:2)
  9 gnolls
  5 adders
  2 ufetubi
  A worm (D:2)
  3 dart slugs
  10 orcs
  7 ball pythons
  3 bats
  6 endoplasms
  2 giant cockroaches
  12 goblins
  7 hobgoblins
  5 jackals
  3 quokkas (D:4)
  4 frilled lizards
  7 kobolds
  6 rats
98 creatures vanquished.

Vanquished Creatures (others)
  2 plants (D:3)
2 creatures vanquished.

Grand Total: 100 creatures vanquished

Notes
Turn   | Place    | Note
-------+----------+-------------------------------------------
     0 | D:1      | arthad the Gnoll Wanderer began the quest for the Orb.
     0 | D:1      | arthad set off with the following items: a +3 spear, a
                  | potion of lignification, a +0 robe; and the following spell
                  | memorised: Freeze; and the following spells available to
                  | memorise: Ozocubu's Armour.
     0 | D:1      | Reached XP level 1. HP: 23/23 MP: 4/4
   139 | D:1      | Reached XP level 2. HP: 25/29 MP: 5/5
   722 | D:2      | Reached XP level 3. HP: 35/35 MP: 7/7
   848 | D:2      | Reached skill level 1 in Invocations
  1093 | D:2      | Learned a level 3 spell: Ozocubu's Armour
  1188 | D:2      | Noticed Natasha
  1198 | D:2      | Killed Natasha
  1199 | D:2      | Reached skill level 1 in Short Blades
  1199 | D:2      | Reached skill level 1 in Long Blades
  1199 | D:2      | Reached skill level 1 in Axes
  1199 | D:2      | Reached skill level 1 in Maces & Flails
  1199 | D:2      | Reached skill level 1 in Staves
  1199 | D:2      | Reached skill level 1 in Ranged Weapons
  1199 | D:2      | Reached skill level 1 in Armour
  1199 | D:2      | Reached skill level 1 in Dodging
  1199 | D:2      | Reached skill level 1 in Stealth
  1199 | D:2      | Reached skill level 1 in Shields
  1199 | D:2      | Reached skill level 1 in Unarmed Combat
  1199 | D:2      | Reached skill level 1 in Evocations
  1199 | D:2      | Reached XP level 4. HP: 30/41 MP: 1/8
  1442 | D:2      | Found Exyjy's Distillery.
  1447 | D:2      | Bought a potion of curing for 39 gold pieces
  1447 | D:2      | Bought a potion of heal wounds for 65 gold pieces
  1475 | D:3      | Noticed an ogre
  1490 | D:3      | Killed an ogre
  1491 | D:3      | Reached skill level 1 in Conjurations
  1491 | D:3      | Reached skill level 1 in Hexes
  1491 | D:3      | Reached skill level 1 in Summonings
  1491 | D:3      | Reached skill level 1 in Necromancy
  1491 | D:3      | Reached skill level 1 in Translocations
  1491 | D:3      | Reached skill level 1 in Transmutations
  1491 | D:3      | Reached skill level 1 in Fire Magic
  1491 | D:3      | Reached skill level 1 in Air Magic
  1491 | D:3      | Reached skill level 1 in Earth Magic
  1491 | D:3      | Reached skill level 1 in Poison Magic
  1491 | D:3      | Reached XP level 5. HP: 20/47 MP: 9/9
  2025 | D:3      | Found a runed translucent door.
  2027 | D:3      | Noticed Beavis's ghost (amateur GnWn)
  2027 | D:3      | Noticed an ice beast
  2070 | D:3      | Found an ornate altar of the Wu Jian Council.
  2070 | D:3      | Found a blossoming altar of Fedhas.
  2072 | D:3      | Found a shimmering altar of Xom.
  2072 | D:3      | Found a hazy altar of Hepliaklqana.
  2177 | D:3      | Found Woudghuus's Antique Weapon Shoppe.
  2521 | D:4      | Reached XP level 6. HP: 25/53 MP: 7/11
  3711 | D:5      | Entered Level 5 of the Dungeon
  3869 | D:4      | Learned a level 2 spell: Blink
  3913 | D:5      | Noticed Eustachio
  3941 | D:5      | HP: 2/53 [cloud of flame (21)]
  3942 | D:5      | Reached XP level 7. HP: 2/59 MP: 9/12
  3946 | D:5      | HP: 3/60 [gnoll/+0 club[a gnoll bouda] (5)]
  3948 | D:5      | Slain by a gnoll

Illustrated notes

Levels and vault maps discovered:
D:1:      saegor_arrival_simple_d, layout_loops_ring
D:2:      layout_loops_ring, serial_shops, nicolae_shop_waterfront,
          dreamdust_princess_bridge, hangedman_decor_growths, grunt_decor_cap,
          uniq_natasha
D:3:      layout_loops_ring, mainiacjoe_overflow_alcove_3, serial_shops,
          nicolae_shop_window_shopping, ebering_ghost_inner_flame,
          nicolae_titane
D:4:      layout_basic
D:5:      layout_cave_pools, nicolae_dithmenos_shadow_blocks,
          saegor_snake_ambush, uniq_grinder, uniq_pikel, uniq_eustachio

Skill      XL: |  1  2  3  4  5  6  7 |
---------------+----------------------+-----
Invocations    | 1 2 |  2.7
Short Blades   | 1 2 |  2.4
Long Blades    | 1 2 |  2.4
Axes           | 1 2 |  2.4
Maces & Flails | 1 2 |  2.4
Staves         | 1 2 |  2.4
Ranged Weapons | 1 2 |  2.4
Armour         | 1 2 |  2.4
Dodging        | 1 2 |  2.4
Stealth        | 1 2 |  2.4
Shields        | 1 2 |  2.4
Unarmed Combat | 1 2 |  2.4
Spellcasting   | 3 |  3.7
Evocations     | 1 2 |  2.4
Throwing       | 3 |  3.6
Conjurations   | 1 2 |  2.0
Hexes          | 1 2 |  2.0
Summonings     | 1 2 |  2.0
Necromancy     | 1 2 |  2.0
Translocations | 1 2 |  2.0
Transmutations | 1 2 |  2.0
Fire Magic     | 1 2 |  2.0
Ice Magic      | 4 |  4.3
Air Magic      | 1 2 |  2.0
Earth Magic    | 1 2 |  2.0
Poison Magic   | 1 2 |  2.0
Fighting       | 7 |  7.0
Polearms       | 7 |  7.0

Action                     |  1- 3 |  4- 6 |  7- 9 || total
---------------------------+-------+-------+-------++-------
  Melee: Spear             |    83 |   216 |       ||   299
         Bite              |     2 |    16 |       ||    18
         Punch             |       |     1 |       ||     1
   Cast: Ozocubu's Armour  |     1 |     6 |       ||     7
         Freeze            |       |     6 |       ||     6
         Blink             |       |     1 |       ||     1
    Use: Potion            |       |     3 |     5 ||     8
         Scroll            |       |     1 |       ||     1
   Stab: Sleeping          |     1 |     6 |       ||     7
         Distracted        |       |     1 |       ||     1
 Armour: Robe              |     3 |    20 |     4 ||    27
  Dodge: Dodged            |    23 |    84 |    17 ||   124

Table legend: (Time is in decaauts)
 A = Elapsed time spent in this place.
 B = Non-inter-level travel time spent in this place.
 C = Inter-level travel time spent in this place.
 D = Time resting spent in this place.
 E = Time spent auto-exploring this place.
 F = Levels seen in this place.
 G = Mean time per level.
                   A        B        C        D        E       F      G
               +--------+--------+--------+--------+--------+-----+--------+
         Total |   3885 |   3763 |    122 |    203 |   2888 |   5 |  777.0 |
       Dungeon |   3885 |   3763 |    122 |    203 |   2888 |   5 |  777.0 |
               +--------+--------+--------+--------+--------+-----+--------+

Top non-repeatable levels by time:
     D:4: 1380 daAuts
     D:3: 975 daAuts
     D:2: 835 daAuts
     D:1: 617 daAuts
     D:5: 75 daAuts
